 Dungeon Crawl Stone Soup version 0.28-b1-25-g9875b3fc8c (webtiles) character file.

Game seed: 11741918414998928960

636 Zeebu the Skirmisher (level 7, -1/55 HPs)
             Began as a Demonspawn Abyssal Knight on Feb 6, 2022.
             Was an Elder of Lugonu.
             Slain by a phantom (6 damage)
             ... on level 4 of the Dungeon.
             The game lasted 00:12:59 (4477 turns).

Zeebu the Skirmisher (Demonspawn Abyssal Knight)    Turns: 4477, Time: 00:13:00

Health: -1/55      AC:  3    Str: 15    XL:     7   Next: 25%
Magic:  9/9        EV: 14    Int: 17    God:    Lugonu [****..]
Gold:   409        SH:  0    Dex: 14    Spells: 6/6 levels left

rFire   . . .      SeeInvis .   a - +1 mace
rCold   . . .      Faith    .   (no shield)
rNeg    . . .      Spirit   .   b - +0 leather armour
rPois   .          Reflect  .   (helmet restricted)
rElec   .          Harm     .   (no cloak)
rCorr   .          Rampage  .   (no gloves)
Will    .....                   (no boots)
Stlth   ++........              k - amulet of regeneration
HPRegen 0.98/turn               g - +6 ring of intelligence
MPRegen 0.11/turn               h - ring of flight

@: brilliant, flying, hasted, very quick
A: horns 1, repulsion field 1, ignite blood 3
a: Renounce Religion, Depart the Abyss, Bend Space, Banish, Corrupt


You were on level 4 of the Dungeon.
You worshipped Lugonu.
Lugonu was greatly pleased with you.
You visited 1 branch of the dungeon, and saw 5 of its levels.
You visited the Abyss 1 time.
You also visited: Sewer.

You collected 409 gold pieces.

Inventory:

Hand Weapons
 a - a +1 mace (weapon)
 l - a +1 dagger of flaming
Missiles
 j - 5 poisoned darts
Armour
 b - a +0 leather armour (worn)
Jewellery
 g - a +6 ring of intelligence (left hand)
 h - a ring of flight (right hand)
 k - an amulet of regeneration (around neck)
 t - an amulet of guardian spirit
Scrolls
 c - 3 scrolls of magic mapping {unknown}
 e - 2 scrolls of blinking {unknown}
 f - 5 scrolls of teleportation {unknown}
 m - a scroll of immolation {unknown}
Potions
 i - a potion of brilliance
 n - a potion of haste
 o - a potion of heal wounds {unknown}
 p - a potion of mutation
 q - 2 potions of degeneration
 r - a potion of attraction {unknown}
 s - a potion of might {unknown}


   Skills:
 + Level 4.5 Fighting
 + Level 4.4 Maces & Flails
 + Level 3.5 Armour
 + Level 2.6 Dodging
 + Level 2.4 Stealth
 + Level 2.7 Invocations


You had 6 spell levels left.
You didn't know any spells.
Your spell library was empty.

Dungeon Overview and Level Annotations

Branches:
Dungeon (5/15)             Temple (0/1) D:4           Sewer (visited)

Altars:
Nemelex Xobeh

Annotations:
D:3 2 transporters


Innate Abilities, Weirdness & Mutations

You have a pair of small horns on your head.
You are surrounded by a mild repulsion field. (EV +2)
Your demonic aura causes all spilled blood to erupt in flames.


Message History

The phantom hits you.
* * * LOW HITPOINT WARNING * * *
It was a potion of haste.
You feel yourself speed up.
The phantom hits you but does no damage.
You feel better.
You are too injured to fight recklessly!
You are too injured to fight recklessly!
You are too injured to fight recklessly!
You are too injured to fight recklessly!
You are too injured to fight recklessly!
You hit the phantom but do no damage.
The phantom is moderately damaged.
The phantom hits you.
* * * LOW HITPOINT WARNING * * *
You hit the phantom. Your headbutt misses the phantom.
The phantom is moderately damaged.
The phantom barely misses you.
You barely miss the phantom.
The phantom is moderately damaged.
The phantom hits you.
* * * LOW HITPOINT WARNING * * *
The phantom blinks!
You blink.
You barely miss the phantom. You headbutt the phantom.
The phantom is heavily damaged.
You completely miss the phantom.
The phantom is heavily damaged.
The phantom hits you!
* * * LOW HITPOINT WARNING * * *
The phantom blinks!
You blink.
You sock the phantom!
The phantom is almost destroyed.
The phantom closely misses you.
Okay, then.
You completely miss the phantom.
The phantom is almost destroyed.
The phantom closely misses you.
You closely miss the phantom.
The phantom is almost destroyed.
The phantom hits you.
You die...

...#.......'.........#....#......
...'.......#.........#....#...)..
#.####'###+#.........####.##.###'
#.###..##.......##+#....#.##.###.
...#....#.<.....#..#....#........
...#....'.......+..'....#........
#.##..###.......####....#....##..
#.##..#.....######......#########
......#.....##..@#......#........
......#.[...##.>W#......#........
#######.....##...#......#........
....>.......##.#.#......#........
.............#...#......#........
.............#.>§#......#.†......
.......#####.#...#......#........
.......#.....#####......'........
.......#.....#...#......#......<.


You could see a phantom.

Vanquished Creatures
  Eustachio (D:4)
  A water moccasin (D:4)
  An ogre (D:4)
  2 hounds (D:4)
  8 adders
  6 river rats
  4 worms
  A dart slug (D:1)
  An orc (D:4)
  11 ball pythons
  12 bats
  11 endoplasms
  7 giant cockroaches
  11 goblins
  8 hobgoblins
  4 jackals
  5 quokkas
  9 frilled lizards
  5 kobolds
  3 rats
111 creatures vanquished.

Notes
Turn   | Place    | Note
-------+----------+-------------------------------------------
     0 | Abyss:1  | Zeebu the Demonspawn Abyssal Knight began the quest for the
                  | Orb.
     0 | Abyss:1  | Reached XP level 1. HP: 18/18 MP: 2/2
     3 | Abyss:1  | Found a corrupted altar of Lugonu.
    14 | D:1      | Escaped the Abyss
   173 | D:1      | Gained mutation: Your demonic aura sometimes causes spilled
                  | blood to erupt in flames. [demonic ancestry]
   173 | D:1      | Reached XP level 2. HP: 17/24 MP: 3/3
   360 | D:1      | Reached skill level 1 in Dodging
   701 | D:1      | Reached ** piety under Lugonu
  1102 | D:2      | Reached XP level 3. HP: 16/29 MP: 5/5
  2060 | D:3      | Found a transporter.
  2136 | D:3      | Gained mutation: Your demonic aura often causes spilled
                  | blood to erupt in flames. [demonic ancestry]
  2136 | D:3      | Reached XP level 4. HP: 32/37 MP: 6/6
  2186 | D:3      | Found a transporter.
  2237 | D:3      | Found a faded altar of an unknown god.
  2582 | D:3      | Found a glowing drain.
  2592 | Sewer    | Entered a sewer
  2649 | Sewer    | Reached *** piety under Lugonu
  2825 | Sewer    | Reached skill level 1 in Stealth
  2834 | Sewer    | Gained mutation: You have a pair of small horns on your
                  | head. [demonic ancestry]
  2834 | Sewer    | Reached XP level 5. HP: 19/42 MP: 7/7
  3603 | D:4      | Found a sparkling altar of Nemelex Xobeh.
  3746 | D:4      | Found a staircase to the Ecumenical Temple.
  3848 | D:4      | Noticed Eustachio
  3913 | D:4      | Killed Eustachio
  3914 | D:4      | Gained mutation: Your demonic aura causes all spilled blood
                  | to erupt in flames. [demonic ancestry]
  3914 | D:4      | Reached XP level 6. HP: 45/48 MP: 8/8
  4216 | D:4      | Reached **** piety under Lugonu
  4397 | D:4      | Gained mutation: You are surrounded by a mild repulsion
                  | field. (EV +2) [demonic ancestry]
  4397 | D:4      | Reached XP level 7. HP: 55/55 MP: 9/9
  4401 | D:5      | Entered Level 5 of the Dungeon
  4467 | D:4      | HP: 2/55 [phantom (2)]
  4477 | D:4      | Slain by a phantom

Illustrated notes

Levels and vault maps discovered:
D:1:      dpeg_arrival_long_road, layout_basic
D:2:      layout_rooms, nicolae_elevator_lobby_plus
D:3:      gammafunk_wand_slinger, layout_basic, portal_sewer_entry_b,
          dilly_ecumenical_altar_fadedgnrine, grunt_ministairs_13
D:4:      layout_gridville, mainiacjoe_overflow_brackets,
          minmay_temple_entry_from_below_a, minmay_misc_feat_alley,
          kennysheep_small_square, uniq_eustachio
D:5:      layout_cave_pools, serial_shops, nicolae_shop_bloodbath_and_beyond,
          minmay_misc_feat_rugged, guppyfry_early_orc_mine, uniq_blork_the_orc,
          uniq_crazy_yiuf_cottage

Skill      XL: |  1  2  3  4  5  6 |
---------------+-------------------+-----
Armour         | 2 3 |  3.5
Dodging        | 1 2 |  2.6
Maces & Flails | 2 3 4 |  4.4
Fighting       | 4 |  4.5
Stealth        | 1 2 |  2.4
Invocations    | |  2.7

Action                   |  1- 3 |  4- 6 |  7- 9 || total
-------------------------+-------+-------+-------++-------
Melee: Mace              |   116 |   205 |    25 ||   346
       Punch             |     1 |     2 |       ||     3
       Headbutt          |       |    17 |     4 ||    21
  Use: Potion            |       |     2 |     3 ||     5
 Stab: Sleeping          |       |     6 |       ||     6
Armor: Leather armour    |    45 |    79 |     5 ||   129
Dodge: Dodged            |    94 |   203 |    17 ||   314
